 Dungeon Crawl Stone Soup version 0.17.0-28-g6e173f8 (webtiles) character file.

59 M4edhros the Charlatan (level 3, 0/27 HPs)
             Began as a Demigod Artificer on Nov 27, 2015.
             Slain by a white imp (2 damage)
             ... summoned by Natasha
             ... on level 2 of the Dungeon.
             The game lasted 00:01:27 (835 turns).

M4edhros the Charlatan (Demigod Artificer)           Turns: 835, Time: 00:01:27

Health: 0/27       AC:  3    Str: 14    XL:     3   Next: 54%
Magic:  8/8        EV: 12    Int: 18    God:
Gold:   42         SH:  0    Dex: 16    Spells: 0 memorised, 2 levels left

rFire  . . .     SeeInvis .     a - +0 short sword
rCold  . . .     Clarity  .     b - +0 leather armour
rNeg   . . .     SustAt   +     (no shield)
rPois  .         Gourm    .     (no helmet)
rElec  .         Spirit   .     (no cloak)
rCorr  .         Warding  .     (no gloves)
rMut   .         Stasis   .     (no boots)
MR     .....                    (no amulet)
Stlth  ++........               (no ring)
                                (no ring)

@: not resistant to hostile enchantments, unstealthy
A: high mp 1, sustain attributes
a: no special abilities


You were on level 2 of the Dungeon.
You were not hungry.

You visited 1 branch of the dungeon, and saw 2 of its levels.

You collected 42 gold pieces.

Inventory:

Hand Weapons
 a - a +0 short sword (weapon)
Missiles
 g - 85 stones (quivered)
Armour
 b - a +0 leather armour (worn)
Wands
 c - a wand of flame (14)
 d - a wand of enslavement (13)
 e - a wand of random effects (15)
Scrolls
 h - 2 scrolls of identify {unknown}
 i - 2 scrolls of amnesia {unknown}
 j - 2 scrolls of remove curse {unknown}
Potions
 k - a potion of curing {unknown}
 m - a potion of haste {unknown}
Comestibles
 f - a bread ration
 l - a meat ration


   Skills:
 - Level 0.8 Fighting
 - Level 0.8 Short Blades
 - Level 1.7 Dodging
 * Level 2.8 Stealth
 + Level 3.4 Evocations


You had 2 spell levels left.
You didn't know any spells.

Dungeon Overview and Level Annotations

Branches:
Dungeon (2/15)

Annotations:
D:2 Natasha


Innate Abilities, Weirdness & Mutations

You have an increased reservoir of magic (+10% MP).
Your attributes are resistant to harm.


Message History

The gnoll misses you.
Evoke which item? (* to show all) (? for menu, Esc to quit)
Zapping:
c - a wand of flame (15)
Press: ? - help, Shift-Dir - straight line, f/p - Natasha
Aim: Natasha The puff of flame hits Natasha.
Natasha is moderately wounded.
This wand has 14 charges left.
The white imp hits you but does no damage.
Natasha claws you.
The gnoll hits you from afar with a halberd!
* * * LOW HITPOINT WARNING * * *
Evoke which item? (* to show all) (? for menu, Esc to quit)
Zapping:
d - a wand of enslavement (14)
Press: ? - help, Shift-Dir - straight line, f/p - Natasha
Aim: Natasha (moderately wounded, chance to defeat MR: 52%) Natasha is charmed.
This wand has 13 charges left.
The white imp hits you.
* * * LOW HITPOINT WARNING * * *
The white imp freezes you.
You die...

#.... +.... #####....
#.......# #......$#
........# #. ........# .
#.# #..5@# .# #.#
...#.#.##h#########.
................g.)........
.#.#.#. #########.#########
.#.... #...........#
)###.#######.####.####.#
.#...<....##.#.......#
.##...###.##.#.##.##.#
...........#.#.#...#.#


You could see a gnoll, a white imp and the friendly Natasha.

Vanquished Creatures
  Natasha (D:2)
  A ball python (D:2)
  2 giant cockroaches (D:1)
  3 hobgoblins (D:1)
  A kobold (D:1)
  2 quokkas (D:2)
  2 bats (D:1)
  2 giant newts (D:1)
  2 goblins (D:1)
  4 rats
20 creatures vanquished.

Vanquished Creatures (collateral kills)
  3 gnolls (D:2)
3 creatures vanquished.

Grand Total: 23 creatures vanquished

Notes
Turn   | Place    | Note
--------------------------------------------------------------
     0 | D:1      | M4edhros the Demigod Artificer began the quest for the Orb.
     0 | D:1      | Reached XP level 1. HP: 15/15 MP: 5/5
    15 | D:1      | Reached skill level 1 in Stealth
   335 | D:1      | Found a snail-covered altar of Cheibriados.
   399 | D:1      | Reached XP level 2. HP: 19/22 MP: 6/6
   420 | D:1      | Reached skill level 3 in Evocations
   656 | D:2      | Noticed Natasha
   668 | D:2      | Killed Natasha
   668 | D:2      | Reached XP level 3. HP: 15/27 MP: 7/7
   775 | D:2      | Found a sacrificial altar of Ru.
   827 | D:2      | Noticed Natasha
   835 | D:2      | Slain by a white imp

Action                   || total
-------------------------++-------
Melee: Short sword       ||    68
Evoke: Wand              ||     3
 Stab: Sleeping          ||     2
